Influenza vs Gangsters
Created - 12 janvier 2014 at 21:49
Goals
|
| Influenza |
3 |
0 |
4 |
7 |
| Gangsters |
0 |
0 |
2 |
2 |
|
Shots
|
| Influenza |
11 |
9 |
11 |
31 |
| Gangsters |
9 |
1 |
17 |
27 |
|
1st period
1. Influenza , Ryan Vesce 21 (Cody McCormick, Alex Stalock) at 3:14
2. Influenza , Jaime Sifers 3 (Tim Gleason, Rob Schremp) at 4:35
3. Influenza , Cody McCormick 12 (Ryan Vesce, Jamie McBain) at 7:28
Penalties :
Tim Gleason (VJB) for Tripping (Minor) at 12:01, Dave Dziurzynski (Bro) for Hooking (Minor) at 15:35
2nd period
No Goal
Penalties :
Alexei Emelin (Bro) for Slashing (Double Minor) at 5:26, Ryan Russell (VJB) for Holding (Minor) at 16:37
3rd period
4. Gangsters , Chris Bourque 24 (Ville Koistinen) at 1:39
5. Influenza , Rob Schremp 12 (Justin Abdelkader) at 9:06
6. Gangsters , Alexandre Bolduc 16 (Igor Radulov) at 10:40
7. Influenza , Cody McCormick 13 (Jamie McBain, Pierre-Cédric Labrie) at 14:43
8. Influenza , Justin Abdelkader 16 (Jaime Sifers, Blake Comeau) at 14:59 (PP)
9. Influenza , Zac Dalpe 6 (Ben Smith, Tim Gleason) at 18:42
Penalties :
Chris Bourque (Bro) for Hooking (Minor) at 3:34, Igor Radulov (Bro) for Holding (Minor) at 14:44, Ryan Vesce (VJB) for Hooking (Minor) at 19:58
Goalie Stats
Alex Stalock (VJB), 25 saves from 27 shots - (0,926), W, 9-2-1, 60:00 minutes
David LeNeveu (Bro), 24 saves from 31 shots - (0,774), L, 13-11-3, 60:00 minutes
Players Stats for Influenza
Player Name G A P +/- PIM S H SB GA TA FO MP PP MP PK MP
------------------------------------------------------------------------------------
Alexander Sulzer 0 0 0 3 0 1 1 0 0 0 0/0 20:00 3:04 1:53
Ben Smith 0 1 1 2 0 1 1 0 0 0 0/0 8:38 0:30 0:00
Blake Comeau 0 1 1 1 0 2 0 0 2 1 2/5 20:35 3:53 1:59
Carl Gunnarsson 0 0 0 0 0 1 0 0 0 0 0/0 14:22 0:58 0:00
Cody McCormick 2 1 3 2 0 3 1 0 0 0 1/2 13:07 1:11 0:20
Jaime Sifers 1 1 2 1 0 3 1 2 1 0 0/0 25:51 4:10 2:27
Jamie McBain 0 2 2 3 0 1 1 3 1 0 0/0 20:19 3:04 1:48
Justin Abdelkader 1 1 2 1 0 1 2 0 1 0 0/2 20:28 3:50 1:43
Martins Karsums 0 0 0 -1 0 2 1 1 0 0 0/0 16:30 3:12 0:00
Oskars Bartulis 0 0 0 0 0 1 1 1 0 0 0/0 15:11 0:58 0:41
Pierre-Cédric Labrie 0 1 1 2 0 2 0 0 1 0 0/0 12:46 0:00 0:58
Rob Schremp 1 1 2 1 0 4 2 2 0 0 16/27 20:30 3:49 1:58
Robbie Earl 0 0 0 -1 0 0 2 0 0 0 0/0 16:47 3:12 0:17
Ryan Carter 0 0 0 -1 0 3 1 0 1 0 2/2 17:13 3:12 0:43
Ryan Russell 0 0 0 2 2 1 0 1 0 0 0/0 8:35 0:40 0:00
Ryan Vesce 1 1 2 2 2 1 1 0 2 1 0/0 12:34 1:07 0:00
Tim Gleason 0 2 2 1 2 2 1 1 0 1 0/0 24:24 4:10 1:09
Zac Dalpe 1 0 1 2 0 2 0 0 0 0 2/5 8:08 0:00 0:00
Players Stats for Gangsters
Player Name G A P +/- PIM S H SB GA TA FO MP PP MP PK MP
------------------------------------------------------------------------------------
Alexandre Bolduc 1 0 1 -1 0 3 0 1 0 1 7/20 19:57 1:56 2:59
Alexei Emelin 0 0 0 -1 4 0 1 5 1 3 0/0 24:31 2:37 2:34
Artem Anisimov 0 0 0 1 0 2 0 0 0 1 2/6 15:15 2:01 0:00
Ben Holmstrom 0 0 0 -3 0 2 1 0 0 0 1/2 12:54 0:02 0:00
Bradley Malone 0 0 0 0 0 0 0 0 0 0 0/0 0:00 0:00 0:00
Brock Bradford 0 0 0 -1 0 2 0 0 0 0 4/7 13:49 0:02 0:38
Bryan Young 0 0 0 -1 0 1 0 1 0 0 0/0 14:02 0:02 1:43
Chris Bourque 1 0 1 -2 2 4 2 0 0 0 0/0 22:38 2:01 2:54
Colten Teubert 0 0 0 -1 0 1 1 0 0 0 0/0 14:03 0:00 1:55
Dave Dziurzynski 0 0 0 -1 2 1 2 0 0 0 1/1 13:52 0:00 2:05
Igor Radulov 0 1 1 -2 2 3 1 5 1 1 5/7 24:20 1:56 3:42
Luke Gazdic 0 0 0 -3 0 0 1 0 0 0 0/0 12:24 0:00 2:44
Maxime Sauvé 0 0 0 0 0 0 0 0 0 0 0/0 0:00 0:00 0:00
Mikko Lehtonen 0 0 0 1 0 1 2 0 0 0 0/0 17:19 2:01 0:00
Nathan Moon 0 0 0 0 0 0 0 0 0 0 0/0 0:00 0:00 0:00
Phil McRae 0 0 0 0 0 0 0 0 0 0 0/0 0:00 0:00 0:00
Ryan Jones 0 0 0 -1 0 2 1 0 0 0 0/0 19:01 1:56 1:19
Shaun Heska 0 0 0 -2 0 1 1 1 0 0 0/0 20:56 1:22 3:12
Staffan Kronwall 0 0 0 -1 0 2 2 4 1 0 0/0 25:50 2:37 4:13
Ville Koistinen 0 1 1 -2 0 2 0 3 0 3 0/0 20:53 1:22 2:50
3 Stars
1 - Cody McCormick (VJB)
2 - Rob Schremp (VJB)
3 - Jamie McBain (VJB)
Power Play
Influenza - 1 on 5 Attempt(s) - 20,00%
Gangsters - 0 on 3 Attempt(s) - 0,00%
Penalty Kill
Influenza - 3 on 3 Attempt(s) - 100,00%
- Score 0 goal in Penalty Kill
Gangsters - 4 on 5 Attempt(s) - 80,00%
- Score 0 goal in Penalty Kill
Official
Referees : Fraser Kerry and Meier Brad
Linesman : Steve Miller and Jay Sharrers
Game Notes
No Game Note
Finance
Level 1 -- Attendance: 1574 (78,70%) -- Ticket Income 55 090 $
Level 2 -- Attendance: 751 (75,10%) -- Ticket Income 11 265 $
Total Attendance: 2325 (77,50%)
Total Ticket Income: 66 355 $
Other Income: 3 318 $
Total Income: 69 673 $
Influenza
5 vs 5 Forward
Center Left Wing Right Wing Time % Phy DF OF
1 Rob Schremp Justin Abdelkader Blake Comeau 40 1 2 2
2 Ryan Carter Robbie Earl Martins Karsums 30 1 2 2
3 Cody McCormick Pierre-Cédric Labrie Ryan Vesce 20 1 2 2
4 Zac Dalpe Ryan Russell Ben Smith 10 1 2 2
5 vs 5 Defense
Defense Defense Time % Phy DF OF
1 Tim Gleason Jaime Sifers 40 1 2 2
2 Jamie McBain Alexander Sulzer 30 1 2 2
3 Carl Gunnarsson Oskars Bartulis 20 1 2 2
4 Tim Gleason Jaime Sifers 10 1 2 2
PowerPlay Forward
Center Left Wing Right Wing Time % Phy DF OF
1 Rob Schremp Justin Abdelkader Blake Comeau 60 1 2 2
2 Ryan Carter Robbie Earl Martins Karsums 40 1 2 2
PowerPlay Defense
Defense Defense Time % Phy DF OF
1 Tim Gleason Jaime Sifers 60 1 2 2
2 Jamie McBain Alexander Sulzer 40 1 2 2
Penalty Kill 4 Players Forward
Center Wing Time % Phy DF OF
1 Blake Comeau Rob Schremp 60 1 2 2
2 Justin Abdelkader Ryan Carter 40 1 2 2
Penalty Kill 4 Players Defense
Defense Defense Time % Phy DF OF
1 Tim Gleason Jaime Sifers 60 1 2 2
2 Jamie McBain Alexander Sulzer 40 1 2 2
Penalty Kill - 3 Players Forward
Forward Time % Phy DF OF
1 Blake Comeau 60 1 2 2
2 Rob Schremp 40 1 2 2
Penalty Kill - 3 Players Defense
Defense Defense Time % Phy DF OF
1 Tim Gleason Jaime Sifers 60 1 2 2
2 Jamie McBain Alexander Sulzer 40 1 2 2
4 vs 4 Forward
Center Wing Time % Phy DF OF
1 Blake Comeau Rob Schremp 60 1 2 2
2 Justin Abdelkader Ryan Carter 40 1 2 2
4 vs 4 Defense
Defense Defense Time % Phy DF OF
1 Tim Gleason Jaime Sifers 60 1 2 2
2 Jamie McBain Alexander Sulzer 40 1 2 2
Last Minutes Offensive
Center Left Wing Right Wing Defense Defense
Rob Schremp Justin Abdelkader Blake Comeau Tim Gleason Jaime Sifers
Last Minutes Defensive
Center Left Wing Right Wing Defense Defense
Rob Schremp Justin Abdelkader Blake Comeau Tim Gleason Jaime Sifers
Goaltenders
Starting : Alex Stalock
Backup : Brent Krahn
Extra Forwards
Normal : Ryan Vesce, Cody McCormick, Pierre-Cédric Labrie - PP : Ryan Vesce, Cody McCormick - PK : Pierre-Cédric Labrie
Extra Defensemen
Normal : Carl Gunnarsson, Oskars Bartulis, Jamie McBain - PP : Carl Gunnarsson - PK : Oskars Bartulis, Jamie McBain
Penalty Shots
Blake Comeau, Rob Schremp, Justin Abdelkader, Ryan Carter, Martins Karsums
Gangsters
5 vs 5 Forward
Center Left Wing Right Wing Time % Phy DF OF
1 Alexandre Bolduc Igor Radulov Ryan Jones 40 1 2 2
2 Artem Anisimov Chris Bourque Mikko Lehtonen 30 1 2 2
3 Brock Bradford Dave Dziurzynski Igor Radulov 20 1 2 2
4 Ben Holmstrom Luke Gazdic Chris Bourque 10 1 2 2
5 vs 5 Defense
Defense Defense Time % Phy DF OF
1 Staffan Kronwall Alexei Emelin 40 1 2 2
2 Ville Koistinen Shaun Heska 30 1 2 2
3 Bryan Young Colten Teubert 20 1 2 2
4 Staffan Kronwall Alexei Emelin 10 1 2 2
PowerPlay Forward
Center Left Wing Right Wing Time % Phy DF OF
1 Alexandre Bolduc Igor Radulov Ryan Jones 60 1 2 2
2 Artem Anisimov Chris Bourque Mikko Lehtonen 40 1 2 2
PowerPlay Defense
Defense Defense Time % Phy DF OF
1 Staffan Kronwall Alexei Emelin 60 1 2 2
2 Ville Koistinen Shaun Heska 40 1 2 2
Penalty Kill 4 Players Forward
Center Wing Time % Phy DF OF
1 Igor Radulov Chris Bourque 60 1 2 2
2 Alexandre Bolduc Ryan Jones 40 1 2 2
Penalty Kill 4 Players Defense
Defense Defense Time % Phy DF OF
1 Staffan Kronwall Alexei Emelin 60 1 2 2
2 Ville Koistinen Shaun Heska 40 1 2 2
Penalty Kill - 3 Players Forward
Forward Time % Phy DF OF
1 Igor Radulov 60 1 2 2
2 Chris Bourque 40 1 2 2
Penalty Kill - 3 Players Defense
Defense Defense Time % Phy DF OF
1 Staffan Kronwall Alexei Emelin 60 1 2 2
2 Ville Koistinen Shaun Heska 40 1 2 2
4 vs 4 Forward
Center Wing Time % Phy DF OF
1 Igor Radulov Chris Bourque 60 1 2 2
2 Alexandre Bolduc Ryan Jones 40 1 2 2
4 vs 4 Defense
Defense Defense Time % Phy DF OF
1 Staffan Kronwall Alexei Emelin 60 1 2 2
2 Ville Koistinen Shaun Heska 40 1 2 2
Last Minutes Offensive
Center Left Wing Right Wing Defense Defense
Alexandre Bolduc Igor Radulov Ryan Jones Staffan Kronwall Alexei Emelin
Last Minutes Defensive
Center Left Wing Right Wing Defense Defense
Alexandre Bolduc Igor Radulov Ryan Jones Staffan Kronwall Alexei Emelin
Goaltenders
Starting : David LeNeveu
Backup : Dustin Tokarski
Extra Forwards
Normal : Brock Bradford, Ben Holmstrom, Dave Dziurzynski - PP : Brock Bradford, Ben Holmstrom - PK : Dave Dziurzynski
Extra Defensemen
Normal : Bryan Young, Colten Teubert, Ville Koistinen - PP : Bryan Young - PK : Colten Teubert, Ville Koistinen
Penalty Shots
Igor Radulov, Chris Bourque, Alexandre Bolduc, Ryan Jones, Artem Anisimov
% Time on Ice - Influenza
Lines # - Real PCT - Wanted PCT - Time Play
Normal Forward
1 - 31% - 40% - 14:56
2 - 28% - 30% - 13:18
3 - 24% - 20% - 11:27
4 - 17% - 10% - 8:08
Normal Defense
1 - 39% - 40% - 18:31
2 - 32% - 30% - 15:20
3 - 28% - 20% - 13:23
4 - 1% - 10% - 0:35
PP Forward
1 - 55% - 60% - 4:30
2 - 45% - 40% - 3:42
PP Defense
1 - 56% - 60% - 4:36
2 - 44% - 40% - 3:36
PK Forward
1 - 82% - 60% - 3:16
2 - 18% - 40% - 0:43
PK Defense
1 - 79% - 60% - 3:08
2 - 21% - 40% - 0:51
PK3 Forward
1 - 0% - 60%
2 - 0% - 40%
PK3 Defense
1 - 0% - 60%
2 - 0% - 40%
44 Forward
1 - 0% - 60%
2 - 0% - 40%
44 Defense
1 - 0% - 60%
2 - 0% - 40%
Last Minute Offensive - 0:00
Last Minute Defensive - 0:00
Total
Forward - 60:00
Defense - 60:00
|
% Time on Ice - Gangsters
Lines # - Real PCT - Wanted PCT - Time Play
Normal Forward
1 - 33% - 40% - 15:38
2 - 28% - 30% - 13:14
3 - 20% - 20% - 9:44
4 - 19% - 10% - 9:13
Normal Defense
1 - 38% - 40% - 17:58
2 - 34% - 30% - 16:08
3 - 25% - 20% - 11:47
4 - 4% - 10% - 1:56
PP Forward
1 - 49% - 60% - 1:58
2 - 51% - 40% - 2:01
PP Defense
1 - 66% - 60% - 2:37
2 - 34% - 40% - 1:22
PK Forward
1 - 84% - 60% - 6:53
2 - 16% - 40% - 1:19
PK Defense
1 - 68% - 60% - 5:34
2 - 32% - 40% - 2:38
PK3 Forward
1 - 0% - 60%
2 - 0% - 40%
PK3 Defense
1 - 0% - 60%
2 - 0% - 40%
44 Forward
1 - 0% - 60%
2 - 0% - 40%
44 Defense
1 - 0% - 60%
2 - 0% - 40%
Last Minute Offensive - 0:00
Last Minute Defensive - 0:00
Total
Forward - 60:00
Defense - 60:00
|
Play by Play
1st period
0:01 of 1st period - Rob Schremp wins face-off versus Alexandre Bolduc in neutral zone.
1:33 of 1st period - Snap shot by Justin Abdelkader.
1:33 of 1st period - Shot Blocked by Shaun Heska.
1:35 of 1st period - Snap shot by Rob Schremp.
1:35 of 1st period - Stopped by David LeNeveu with a rebound.
1:37 of 1st period - Slapshot by Carl Gunnarsson.
1:37 of 1st period - Shot Misses the Net.
2:39 of 1st period - Snap shot by Tim Gleason.
2:39 of 1st period - Stopped by David LeNeveu with a rebound.
2:41 of 1st period - Slapshot by Jamie McBain.
2:41 of 1st period - Shot Blocked by Alexei Emelin.
2:43 of 1st period - Snap shot by Jamie McBain.
2:43 of 1st period - Shot Blocked by Staffan Kronwall.
3:14 of 1st period - Wrist shot by Ryan Vesce.
3:14 of 1st period - Goal by Ryan Vesce - Influenza : 1 - Gangsters : 0.
3:15 of 1st period - Alexandre Bolduc wins face-off versus Rob Schremp in neutral zone.
3:22 of 1st period - Slapshot by Alexandre Bolduc.
3:22 of 1st period - Shot Blocked by Tim Gleason.
3:35 of 1st period - Tim Gleason is hit by Staffan Kronwall and loses puck.
4:01 of 1st period - Snap shot by Rob Schremp.
4:01 of 1st period - Shot Blocked by Alexei Emelin.
4:23 of 1st period - Snap shot by Rob Schremp.
4:23 of 1st period - Deflect By Blake Comeau.
4:23 of 1st period - Stopped by David LeNeveu with a rebound.
4:25 of 1st period - Slapshot by Jaime Sifers.
4:25 of 1st period - Shot Misses the Net.
4:27 of 1st period - Wrist shot by Blake Comeau.
4:27 of 1st period - Shot Misses the Net.
4:29 of 1st period - Slapshot by Jaime Sifers.
4:29 of 1st period - Shot Blocked by Igor Radulov.
4:31 of 1st period - Wrist shot by Rob Schremp.
4:31 of 1st period - Shot Misses the Net.
4:33 of 1st period - Slapshot by Tim Gleason.
4:33 of 1st period - Shot Blocked by Staffan Kronwall.
4:35 of 1st period - Slapshot by Jaime Sifers.
4:35 of 1st period - Goal by Jaime Sifers - Influenza : 2 - Gangsters : 0.
4:36 of 1st period - Ryan Carter wins face-off versus Artem Anisimov in neutral zone.
5:01 of 1st period - Ben Holmstrom is hit by Cody McCormick and loses puck.
5:12 of 1st period - Chris Bourque is hit by Ryan Vesce and loses puck.
5:25 of 1st period - Backhand shot by Shaun Heska.
5:25 of 1st period - Stopped by Alex Stalock with a rebound.
6:07 of 1st period - Wrist shot by Mikko Lehtonen.
6:07 of 1st period - Stopped by Alex Stalock without a rebound.
6:08 of 1st period - Cody McCormick wins face-off versus Alexandre Bolduc in Influenza zone.
6:34 of 1st period - Justin Abdelkader is hit by Chris Bourque and loses puck.
7:28 of 1st period - Wrist shot by Cody McCormick.
7:28 of 1st period - Deflect By Alexei Emelin.
7:28 of 1st period - Goal by Cody McCormick - Influenza : 3 - Gangsters : 0.
7:29 of 1st period - Artem Anisimov wins face-off versus Rob Schremp in neutral zone.
8:23 of 1st period - Wrist shot by Chris Bourque.
8:23 of 1st period - Shot Misses the Net.
8:29 of 1st period - Snap shot by Cody McCormick.
8:29 of 1st period - Shot Misses the Net.
8:31 of 1st period - Snap shot by Cody McCormick.
8:31 of 1st period - Shot Misses the Net.
8:45 of 1st period - Snap shot by Igor Radulov.
8:45 of 1st period - Shot Misses the Net.
9:07 of 1st period - Snap shot by Martins Karsums.
9:07 of 1st period - Stopped by David LeNeveu with a rebound.
9:13 of 1st period - Bryan Young is hit by Ryan Carter and loses puck.
9:41 of 1st period - Snap shot by Ryan Vesce.
9:41 of 1st period - Shot Misses the Net.
11:06 of 1st period - Alexei Emelin is hit by Robbie Earl and loses puck.
11:15 of 1st period - Slapshot by Martins Karsums.
11:15 of 1st period - Deflect By Ryan Carter.
11:15 of 1st period - Stopped by David LeNeveu with a rebound.
11:24 of 1st period - Icing by Jamie McBain.
11:25 of 1st period - Zac Dalpe wins face-off versus Ben Holmstrom in Influenza zone.
11:30 of 1st period - Slapshot by Chris Bourque.
11:30 of 1st period - Shot Hit the Post.
11:32 of 1st period - Snap shot by Chris Bourque.
11:32 of 1st period - Stopped by Alex Stalock without a rebound.
11:33 of 1st period - Rob Schremp wins face-off versus Alexandre Bolduc in Influenza zone.
11:33 of 1st period - Rob Schremp is hit by Igor Radulov.
11:47 of 1st period - Snap shot by Rob Schremp.
11:47 of 1st period - Deflect By Blake Comeau.
11:47 of 1st period - Deflect By Ryan Jones.
11:47 of 1st period - Stopped by David LeNeveu with a rebound.
11:59 of 1st period - Mikko Lehtonen is hit by Martins Karsums and loses puck.
12:01 of 1st period - Minor Penalty to Tim Gleason for Tripping.
12:02 of 1st period - Blake Comeau wins face-off versus Alexandre Bolduc in Influenza zone.
12:11 of 1st period - Snap shot by Igor Radulov.
12:11 of 1st period - Shot Misses the Net.
12:13 of 1st period - Snap shot by Alexandre Bolduc.
12:13 of 1st period - Stopped by Alex Stalock with a rebound.
12:15 of 1st period - Wrist shot by Ryan Jones.
12:15 of 1st period - Deflect By Igor Radulov.
12:15 of 1st period - Stopped by Alex Stalock with a rebound.
12:17 of 1st period - Backhand shot by Ryan Jones.
12:17 of 1st period - Shot Blocked by Jamie McBain.
12:47 of 1st period - Snap shot by Ryan Carter.
12:47 of 1st period - Shot Blocked by Ville Koistinen.
14:01 of 1st period - Penalty to Tim Gleason is over, Tim Gleason is back on ice.
14:06 of 1st period - Snap shot by Ben Holmstrom.
14:06 of 1st period - Stopped by Alex Stalock with a rebound.
14:08 of 1st period - Wrist shot by Ben Holmstrom.
14:08 of 1st period - Stopped by Alex Stalock without a rebound.
14:09 of 1st period - Ryan Carter wins face-off versus Brock Bradford in Influenza zone.
14:16 of 1st period - Snap shot by Ryan Carter.
14:16 of 1st period - Stopped by David LeNeveu with a rebound.
14:54 of 1st period - Wrist shot by Ben Smith.
14:54 of 1st period - Stopped by David LeNeveu without a rebound.
14:55 of 1st period - Rob Schremp wins face-off versus Artem Anisimov in Gangsters zone.
14:56 of 1st period - Snap shot by Blake Comeau.
14:56 of 1st period - Shot Misses the Net.
15:18 of 1st period - Brock Bradford is hit by Robbie Earl and loses puck.
15:30 of 1st period - Icing by Alexei Emelin.
15:31 of 1st period - Rob Schremp wins face-off versus Brock Bradford in Gangsters zone.
15:35 of 1st period - Minor Penalty to Dave Dziurzynski for Hooking.
15:36 of 1st period - Rob Schremp wins face-off versus Igor Radulov in Gangsters zone.
15:43 of 1st period - Slapshot by Blake Comeau.
15:43 of 1st period - Shot Blocked by Alexei Emelin.
15:45 of 1st period - Snap shot by Rob Schremp.
15:45 of 1st period - Deflect By Justin Abdelkader.
15:45 of 1st period - Shot Misses the Net.
15:45 of 1st period - Puck is out of play.
15:46 of 1st period - Igor Radulov wins face-off versus Rob Schremp in Gangsters zone.
15:57 of 1st period - Staffan Kronwall is hit by Tim Gleason and loses puck.
17:35 of 1st period - Penalty to Dave Dziurzynski is over, Dave Dziurzynski is back on ice.
17:58 of 1st period - Jaime Sifers is hit by Staffan Kronwall and loses puck.
18:16 of 1st period - Tim Gleason is hit by Colten Teubert and loses puck.
19:26 of 1st period - Icing by Cody McCormick.
19:27 of 1st period - Ben Holmstrom wins face-off versus Zac Dalpe in Influenza zone.
19:34 of 1st period - Slapshot by Ville Koistinen.
19:34 of 1st period - Stopped by Alex Stalock with a rebound.
19:40 of 1st period - Zac Dalpe is hit by Ben Holmstrom.
19:56 of 1st period - Wrist shot by Artem Anisimov.
19:56 of 1st period - Stopped by Alex Stalock with a rebound.
19:58 of 1st period - Slapshot by Ville Koistinen.
19:58 of 1st period - Shot Misses the Net.
2nd period
0:01 of 2nd period - Rob Schremp wins face-off versus Alexandre Bolduc in neutral zone.
0:28 of 2nd period - Slapshot by Jaime Sifers.
0:28 of 2nd period - Stopped by David LeNeveu with a rebound.
0:30 of 2nd period - Slapshot by Jaime Sifers.
0:30 of 2nd period - Deflect By Staffan Kronwall.
0:30 of 2nd period - Stopped by David LeNeveu with a rebound.
1:08 of 2nd period - Slapshot by Rob Schremp.
1:08 of 2nd period - Shot Blocked by Igor Radulov.
1:10 of 2nd period - Snap shot by Rob Schremp.
1:10 of 2nd period - Stopped by David LeNeveu with a rebound.
1:12 of 2nd period - Slapshot by Jamie McBain.
1:12 of 2nd period - Shot Blocked by Ville Koistinen.
1:14 of 2nd period - Snap shot by Alexander Sulzer.
1:14 of 2nd period - Stopped by David LeNeveu with a rebound.
1:16 of 2nd period - Snap shot by Rob Schremp.
1:16 of 2nd period - Shot Misses the Net.
1:32 of 2nd period - Wrist shot by Chris Bourque.
1:32 of 2nd period - Stopped by Alex Stalock with a rebound.
2:25 of 2nd period - Icing by Oskars Bartulis.
2:26 of 2nd period - Rob Schremp wins face-off versus Alexandre Bolduc in Influenza zone.
2:35 of 2nd period - Snap shot by Ryan Carter.
2:35 of 2nd period - Shot Misses the Net.
2:37 of 2nd period - Snap shot by Ryan Carter.
2:37 of 2nd period - Shot Misses the Net.
2:39 of 2nd period - Snap shot by Carl Gunnarsson.
2:39 of 2nd period - Stopped by David LeNeveu with a rebound.
2:41 of 2nd period - Snap shot by Ryan Carter.
2:41 of 2nd period - Shot Blocked by Bryan Young.
3:03 of 2nd period - Snap shot by Ryan Vesce.
3:03 of 2nd period - Shot Blocked by Alexandre Bolduc.
3:13 of 2nd period - Colten Teubert is hit by Rob Schremp and loses puck.
4:59 of 2nd period - Snap shot by Tim Gleason.
4:59 of 2nd period - Shot Blocked by Staffan Kronwall.
5:01 of 2nd period - Wrist shot by Tim Gleason.
5:01 of 2nd period - Stopped by David LeNeveu without a rebound.
5:02 of 2nd period - Brock Bradford wins face-off versus Zac Dalpe in Gangsters zone.
5:17 of 2nd period - Luke Gazdic is hit by Justin Abdelkader and loses puck.
5:24 of 2nd period - Snap shot by Rob Schremp.
5:24 of 2nd period - Stopped by David LeNeveu without a rebound.
5:25 of 2nd period - Brock Bradford wins face-off versus Rob Schremp in Gangsters zone.
5:25 of 2nd period - Brock Bradford is hit by Rob Schremp.
5:26 of 2nd period - Double Minor Penalty to Alexei Emelin for Slashing.
5:27 of 2nd period - Igor Radulov wins face-off versus Rob Schremp in Gangsters zone.
5:34 of 2nd period - Wrist shot by Igor Radulov.
5:34 of 2nd period - Shot Misses the Net.
5:40 of 2nd period - Igor Radulov is hit by Justin Abdelkader and loses puck.
7:01 of 2nd period - Dave Dziurzynski is hit by Jamie McBain and loses puck.
7:36 of 2nd period - Staffan Kronwall is hit by Ben Smith and loses puck.
9:26 of 2nd period - Penalty to Alexei Emelin is over, Alexei Emelin is back on ice.
10:45 of 2nd period - Zac Dalpe is hit by Dave Dziurzynski and loses puck.
12:26 of 2nd period - Icing by Carl Gunnarsson.
12:27 of 2nd period - Artem Anisimov wins face-off versus Rob Schremp in Influenza zone.
12:32 of 2nd period - Slapshot by Brock Bradford.
12:32 of 2nd period - Shot Misses the Net.
12:53 of 2nd period - Jamie McBain is hit by Chris Bourque and loses puck.
13:08 of 2nd period - Ryan Jones is hit by Alexander Sulzer and loses puck.
15:00 of 2nd period - Wrist shot by Ryan Jones.
15:00 of 2nd period - Shot Misses the Net.
15:26 of 2nd period - Wrist shot by Zac Dalpe.
15:26 of 2nd period - Shot Misses the Net.
15:28 of 2nd period - Wrist shot by Zac Dalpe.
15:28 of 2nd period - Shot Misses the Net.
15:30 of 2nd period - Slapshot by Oskars Bartulis.
15:30 of 2nd period - Stopped by David LeNeveu with a rebound.
15:32 of 2nd period - Snap shot by Carl Gunnarsson.
15:32 of 2nd period - Shot Blocked by Staffan Kronwall.
15:44 of 2nd period - Alexei Emelin is hit by Oskars Bartulis and loses puck.
16:08 of 2nd period - Martins Karsums is hit by Luke Gazdic and loses puck.
16:37 of 2nd period - Minor Penalty to Ryan Russell for Holding.
16:38 of 2nd period - Blake Comeau wins face-off versus Alexandre Bolduc in Influenza zone.
17:15 of 2nd period - Slapshot by Staffan Kronwall.
17:15 of 2nd period - Shot Misses the Net.
17:17 of 2nd period - Slapshot by Alexei Emelin.
17:17 of 2nd period - Shot Misses the Net.
18:37 of 2nd period - Penalty to Ryan Russell is over, Ryan Russell is back on ice.
18:48 of 2nd period - Backhand shot by Ryan Carter.
18:48 of 2nd period - Stopped by David LeNeveu with a rebound.
18:56 of 2nd period - Ryan Carter is hit by Dave Dziurzynski and loses puck.
3rd period
0:01 of 3rd period - Alexandre Bolduc wins face-off versus Rob Schremp in neutral zone.
0:04 of 3rd period - Snap shot by Staffan Kronwall.
0:04 of 3rd period - Shot Blocked by Rob Schremp.
0:50 of 3rd period - Off-side.
0:51 of 3rd period - Brock Bradford wins face-off versus Cody McCormick in neutral zone.
0:58 of 3rd period - Wrist shot by Igor Radulov.
0:58 of 3rd period - Stopped by Alex Stalock with a rebound.
1:00 of 3rd period - Slapshot by Ville Koistinen.
1:00 of 3rd period - Shot Misses the Net.
1:02 of 3rd period - Snap shot by Dave Dziurzynski.
1:02 of 3rd period - Shot Blocked by Jamie McBain.
1:04 of 3rd period - Snap shot by Brock Bradford.
1:04 of 3rd period - Stopped by Alex Stalock with a rebound.
1:06 of 3rd period - Slapshot by Dave Dziurzynski.
1:06 of 3rd period - Stopped by Alex Stalock without a rebound.
1:07 of 3rd period - Igor Radulov wins face-off versus Rob Schremp in Influenza zone.
1:32 of 3rd period - Robbie Earl is hit by Mikko Lehtonen and loses puck.
1:37 of 3rd period - Slapshot by Ville Koistinen.
1:37 of 3rd period - Stopped by Alex Stalock with a rebound.
1:39 of 3rd period - Snap shot by Chris Bourque.
1:39 of 3rd period - Goal by Chris Bourque - Influenza : 3 - Gangsters : 1.
1:40 of 3rd period - Alexandre Bolduc wins face-off versus Rob Schremp in neutral zone.
1:45 of 3rd period - Snap shot by Igor Radulov.
1:45 of 3rd period - Shot Blocked by Jaime Sifers.
2:27 of 3rd period - Slapshot by Staffan Kronwall.
2:27 of 3rd period - Shot Misses the Net.
3:07 of 3rd period - Slapshot by Bryan Young.
3:07 of 3rd period - Deflect By Alexander Sulzer.
3:07 of 3rd period - Stopped by Alex Stalock without a rebound.
3:08 of 3rd period - Brock Bradford wins face-off versus Zac Dalpe in Influenza zone.
3:09 of 3rd period - Wrist shot by Ben Holmstrom.
3:09 of 3rd period - Deflect By Brock Bradford.
3:09 of 3rd period - Shot Misses the Net.
3:09 of 3rd period - Puck is out of play.
3:10 of 3rd period - Zac Dalpe wins face-off versus Artem Anisimov in Influenza zone.
3:19 of 3rd period - Snap shot by Ryan Russell.
3:19 of 3rd period - Stopped by David LeNeveu without a rebound.
3:20 of 3rd period - Rob Schremp wins face-off versus Artem Anisimov in Gangsters zone.
3:34 of 3rd period - Minor Penalty to Chris Bourque for Hooking.
3:35 of 3rd period - Igor Radulov wins face-off versus Blake Comeau in Gangsters zone.
3:44 of 3rd period - Wrist shot by Rob Schremp.
3:44 of 3rd period - Shot Misses the Net.
5:34 of 3rd period - Penalty to Chris Bourque is over, Chris Bourque is back on ice.
5:58 of 3rd period - Snap shot by Igor Radulov.
5:58 of 3rd period - Stopped by Alex Stalock with a rebound.
6:00 of 3rd period - Snap shot by Igor Radulov.
6:00 of 3rd period - Shot Blocked by Ryan Russell.
7:01 of 3rd period - Snap shot by Ryan Jones.
7:01 of 3rd period - Stopped by Alex Stalock with a rebound.
7:03 of 3rd period - Slapshot by Colten Teubert.
7:03 of 3rd period - Stopped by Alex Stalock without a rebound.
7:04 of 3rd period - Alexandre Bolduc wins face-off versus Blake Comeau in Influenza zone.
7:07 of 3rd period - Snap shot by Ryan Jones.
7:07 of 3rd period - Deflect By Rob Schremp.
7:07 of 3rd period - Stopped by Alex Stalock with a rebound.
8:32 of 3rd period - Wrist shot by Pierre-Cédric Labrie.
8:32 of 3rd period - Deflect By Cody McCormick.
8:32 of 3rd period - Stopped by David LeNeveu without a rebound.
8:33 of 3rd period - Alexandre Bolduc wins face-off versus Rob Schremp in Gangsters zone.
8:40 of 3rd period - Snap shot by Rob Schremp.
8:40 of 3rd period - Shot Blocked by Igor Radulov.
9:02 of 3rd period - Snap shot by Martins Karsums.
9:02 of 3rd period - Stopped by David LeNeveu without a rebound.
9:03 of 3rd period - Rob Schremp wins face-off versus Alexandre Bolduc in Gangsters zone.
9:06 of 3rd period - Snap shot by Rob Schremp.
9:06 of 3rd period - Goal by Rob Schremp - Influenza : 4 - Gangsters : 1.
9:07 of 3rd period - Rob Schremp wins face-off versus Alexandre Bolduc in neutral zone.
9:10 of 3rd period - Wrist shot by Blake Comeau.
9:10 of 3rd period - Shot Blocked by Alexei Emelin.
9:50 of 3rd period - Shaun Heska is hit by Jaime Sifers.
10:13 of 3rd period - Snap shot by Chris Bourque.
10:13 of 3rd period - Shot Blocked by Martins Karsums.
10:15 of 3rd period - Snap shot by Chris Bourque.
10:15 of 3rd period - Stopped by Alex Stalock with a rebound.
10:17 of 3rd period - Snap shot by Artem Anisimov.
10:17 of 3rd period - Stopped by Alex Stalock with a rebound.
10:19 of 3rd period - Snap shot by Shaun Heska.
10:19 of 3rd period - Shot Blocked by Jamie McBain.
10:21 of 3rd period - Backhand shot by Chris Bourque.
10:21 of 3rd period - Deflect By Mikko Lehtonen.
10:21 of 3rd period - Shot Misses the Net.
10:21 of 3rd period - Puck is out of play.
10:22 of 3rd period - Igor Radulov wins face-off versus Justin Abdelkader in Influenza zone.
10:27 of 3rd period - Snap shot by Igor Radulov.
10:27 of 3rd period - Shot Misses the Net.
10:29 of 3rd period - Wrist shot by Alexandre Bolduc.
10:29 of 3rd period - Shot Blocked by Rob Schremp.
10:31 of 3rd period - Snap shot by Alexandre Bolduc.
10:31 of 3rd period - Stopped by Alex Stalock without a rebound.
10:32 of 3rd period - Rob Schremp wins face-off versus Alexandre Bolduc in Influenza zone.
10:32 of 3rd period - Rob Schremp is hit by Alexei Emelin.
10:38 of 3rd period - Slapshot by Alexandre Bolduc.
10:38 of 3rd period - Shot Misses the Net.
10:40 of 3rd period - Snap shot by Alexandre Bolduc.
10:40 of 3rd period - Goal by Alexandre Bolduc - Influenza : 4 - Gangsters : 2.
10:41 of 3rd period - Alexandre Bolduc wins face-off versus Justin Abdelkader in neutral zone.
11:08 of 3rd period - Jaime Sifers is hit by Mikko Lehtonen and loses puck.
12:05 of 3rd period - Slapshot by Justin Abdelkader.
12:05 of 3rd period - Shot Misses the Net.
12:42 of 3rd period - Slapshot by Alexei Emelin.
12:42 of 3rd period - Shot Misses the Net.
12:44 of 3rd period - Slapshot by Alexei Emelin.
12:44 of 3rd period - Deflect By Ben Holmstrom.
12:44 of 3rd period - Shot Misses the Net.
12:44 of 3rd period - Puck is out of play.
12:45 of 3rd period - Rob Schremp wins face-off versus Alexandre Bolduc in Influenza zone.
13:33 of 3rd period - Slapshot by Chris Bourque.
13:33 of 3rd period - Shot Blocked by Oskars Bartulis.
13:47 of 3rd period - Wrist shot by Carl Gunnarsson.
13:47 of 3rd period - Shot Blocked by Ville Koistinen.
14:41 of 3rd period - Snap shot by Jamie McBain.
14:41 of 3rd period - Stopped by David LeNeveu with a rebound.
14:43 of 3rd period - Slapshot by Cody McCormick.
14:43 of 3rd period - Goal by Cody McCormick - Influenza : 5 - Gangsters : 2.
14:44 of 3rd period - Rob Schremp wins face-off versus Alexandre Bolduc in neutral zone.
14:44 of 3rd period - Minor Penalty to Igor Radulov for Holding.
14:45 of 3rd period - Dave Dziurzynski wins face-off versus Rob Schremp in Gangsters zone.
14:57 of 3rd period - Wrist shot by Justin Abdelkader.
14:57 of 3rd period - Shot Blocked by Alexei Emelin.
14:59 of 3rd period - Slapshot by Jaime Sifers.
14:59 of 3rd period - Deflect By Justin Abdelkader.
14:59 of 3rd period - Goal by Justin Abdelkader - Influenza : 6 - Gangsters : 2.
15:00 of 3rd period - Rob Schremp wins face-off versus Alexandre Bolduc in neutral zone.
15:48 of 3rd period - Slapshot by Jaime Sifers.
15:48 of 3rd period - Shot Blocked by Igor Radulov.
15:50 of 3rd period - Wrist shot by Pierre-Cédric Labrie.
15:50 of 3rd period - Shot Misses the Net.
15:52 of 3rd period - Wrist shot by Pierre-Cédric Labrie.
15:52 of 3rd period - Stopped by David LeNeveu with a rebound.
15:54 of 3rd period - Snap shot by Jaime Sifers.
15:54 of 3rd period - Shot Blocked by Igor Radulov.
16:26 of 3rd period - Jamie McBain is hit by Ryan Jones.
16:32 of 3rd period - Slapshot by Jamie McBain.
16:32 of 3rd period - Deflect By Zac Dalpe.
16:32 of 3rd period - Stopped by David LeNeveu with a rebound.
17:10 of 3rd period - Snap shot by Pierre-Cédric Labrie.
17:10 of 3rd period - Stopped by David LeNeveu with a rebound.
17:12 of 3rd period - Snap shot by Pierre-Cédric Labrie.
17:12 of 3rd period - Shot Misses the Net.
17:46 of 3rd period - Snap shot by Chris Bourque.
17:46 of 3rd period - Shot Misses the Net.
18:26 of 3rd period - Slapshot by Ryan Jones.
18:26 of 3rd period - Shot Blocked by Jaime Sifers.
18:28 of 3rd period - Slapshot by Staffan Kronwall.
18:28 of 3rd period - Stopped by Alex Stalock with a rebound.
18:30 of 3rd period - Slapshot by Staffan Kronwall.
18:30 of 3rd period - Stopped by Alex Stalock with a rebound.
18:40 of 3rd period - Snap shot by Ben Smith.
18:40 of 3rd period - Shot Misses the Net.
18:42 of 3rd period - Backhand shot by Zac Dalpe.
18:42 of 3rd period - Goal by Zac Dalpe - Influenza : 7 - Gangsters : 2.
18:43 of 3rd period - Rob Schremp wins face-off versus Igor Radulov in neutral zone.
18:59 of 3rd period - Rob Schremp is hit by Shaun Heska and loses puck.
19:07 of 3rd period - Icing by Blake Comeau.
19:08 of 3rd period - Rob Schremp wins face-off versus Brock Bradford in Influenza zone.
19:13 of 3rd period - Backhand shot by Brock Bradford.
19:13 of 3rd period - Deflect By Jamie McBain.
19:13 of 3rd period - Stopped by Alex Stalock with a rebound.
19:58 of 3rd period - Minor Penalty to Ryan Vesce for Hooking.
19:59 of 3rd period - Alexandre Bolduc wins face-off versus Blake Comeau in Influenza zone.
Output by the SimonT Hockey Simulator (STHS) for François Prévost -- Original Page W3C XHTML 1.0 Valid